 Dungeon Crawl Stone Soup version 0.16-a0-395-g6404e95 (console) character file.

380 gw the Skirmisher (level 6, -2/48 HPs)
             Began as a Demonspawn Fighter on Sept 15, 2014.
             Slain by a mummy (12 damage)
             ... in an ossuary.
             The game lasted 00:03:36 (4814 turns).

gw the Skirmisher (Demonspawn Fighter)              Turns: 4814, Time: 00:03:36

HP  -2/48        AC 14     Str 17      XL: 6   Next: 46%
MP   6/6         EV  2     Int  9      God:
Gold 155         SH  9     Dex 14      Spells:  0 memorised,  5 levels left

rFire  . . .     SeeInvis .     a - +2 flail (curse)
rCold  . . .     Clarity  .     e - +0 plate armour (curse)
rNeg   . . .     rCorr    .     c - +0 shield (curse)
rPois  .         rRot     .     (no helmet)
rElec  .         Spirit   .     (no cloak)
SustAb .         Warding  .     f - +0 pair of gloves (curse)
rMut   .         Stasis   .     (no boots)
Gourm  .                        (no amulet)
MR     +....                    (no ring)
                                (no ring)

@: somewhat resistant to hostile enchantments, extremely unstealthy
A: hooves 1, thin metallic scales 1, magic resistance 1, nightstalker 1
a: no special abilities


You were in an ossuary.
You were near starving.

You visited 1 branch of the dungeon, and saw 4 of its levels.
You also visited: Ossuary.

You collected 155 gold pieces.

Inventory:

Hand weapons
 a - a cursed +2 flail (weapon)
Missiles
 j - 70 stones (quivered)
 k - 8 poisoned needles
Armour
 c - a cursed +0 shield (worn)
 e - a cursed +0 plate armour (worn)
 f - a cursed +0 pair of gloves (worn)
Comestibles
 d - 2 bread rations
 h - a beef jerky
 i - a meat ration
Scrolls
 g - 2 scrolls of noise {unknown}
Potions
 b - a potion of degeneration {unknown}
 l - a potion of mutation {unknown}


   Skills:
 + Level 3.9 Fighting
 * Level 3.9 Maces & Flails
 + Level 1.8 Throwing
 + Level 3.8 Armour
 + Level 3.7 Shields


You had 5 spell levels left.
You didn't know any spells.

Dungeon Overview and Level Annotations

Branches:
Dungeon (4/15)
 Temple: D:4-7

Altars:
Fedhas


Innate Abilities, Weirdness & Mutations

You have large cloven feet.
You are partially covered in thin metallic scales (AC +2).
You are slightly more attuned to the shadows.
You are resistant to hostile enchantments.


Message History

Throwing (i - inventory):
j - 72 stones (quivered)
Press: ? - help, Shift-Dir - straight line, f/p - mummy
Aim: a mummy (heavily damaged)
You throw a stone. The stone barely misses the mummy.
KIIIITING; MOVING TO (-2,1) KIIIITING; MOVING TO (-1,1)
You see here a potion of porridge.
KIIIITING; MOVING TO (6,0) KIIIITING; MOVING TO (5,1)
The mummy hits you.
You see here a potion of poison.
KIIIITING; MOVING TO (4,1) Attempting RANGED ATTACK TO (-2,1) Throwing (i - inventory):
j - 71 stones (quivered)
Press: ? - help, Shift-Dir - straight line, f/p - mummy
Aim: a mummy (heavily damaged)
You throw a stone. The stone hits the mummy.
The mummy is severely damaged.
The mummy hits you!
You die...

### ###.### ##.M6!(##
##### #!(..(((# #.!?#
####.#### #.?.# #.
#.# ##.## #. ###'###
#.### +.# ##.(...##
##.'.#
#.M###.......###..###
+...#(........#...'.#
#...'....}....'...###


You could see a mummy.

Table legend:
 A = Turns spent in this place as a percentage of turns spent in the entire game.
 B = Non-inter-level travel turns spent in this place as a percentage of non-inter-level travel turns spent in the entire game.
 C = Inter-level travel turns spent in this place as a percentage of turns spent in this place.
 D = Turns resting spent in this place as a percentage of non-inter-level travel turns spent in this place.
 E = Turns spent auto-exploring this place as a percentage of non-inter-level travel turns spent in this place.
 F = Non-inter-level travel turns spent in this place divided by the number of levels of this place that you've seen.
                   A       B       C       D       E      F
               +-------+-------+-------+-------+-------+----------------------
         Total | 100.0 | 100.0 |   1.5 |   4.0 |   7.6 | 361.4
       Dungeon |  88.4 |  88.2 |   1.7 |   4.5 |   8.0 | 398.5
       Ossuary |  11.6 |  11.8 |   0.0 |   0.9 |   4.7 | 213.0
               +-------+-------+-------+-------+-------+----------------------

Table legend:
 A = Kills in this place as a percentage of kills in entire the game.
 B = Kills by you in this place as a percentage of kills by you in the entire game.
 C = Kills by friends in this place as a percentage of kills by friends in the entire game.
 D = Other kills in this place as a percentage of other kills in the entire game.
 E = Experience gained in this place as a percentage of experience gained in the entire game.
 F = Experience gained in this place divided by the number of levels of this place that you have seen.
                   A       B       C       D       E      F
               +-------+-------+-------+-------+-------+----------------------
         Total | 100.0 | 100.0 |  -nan |  -nan | 100.0 | 108.8
       Dungeon |  93.5 |  93.5 |  -nan |  -nan |  77.6 | 105.5
       Ossuary |   6.5 |   6.5 |  -nan |  -nan |  22.4 | 122.0
               +-------+-------+-------+-------+-------+----------------------

Vanquished Creatures
  The ghost of gw the Cudgeler, an average MiBe of Trog (D:3)
  A centaur zombie (Ossuary)
  Ijyb (D:3)
  Jessica (D:3)
  4 mummies (Ossuary)
  4 adders
  A gnoll (D:3)
  3 giant mites
  3 worms (D:2)
  An ooze (D:4)
  5 orcs (D:3)
  3 giant cockroaches
  6 hobgoblins (D:2)
  5 jackals
  A ball python (D:3)
  10 bats
  3 giant geckos
  2 giant newts (D:3)
  A gnoll zombie (Ossuary)
  12 goblins
  9 kobolds
  3 quokkas (D:3)
  13 rats
93 creatures vanquished.

Notes
Turn   | Place    | Note
--------------------------------------------------------------
     0 | D:1      | gw, the Demonspawn Fighter, began the quest for the Orb.
     0 | D:1      | Reached XP level 1. HP: 18/18 MP: 1/1
   281 | D:1      | Gained mutation: You are partially covered in thin metallic scales (AC +2). [demonic ancestry]
   281 | D:1      | Reached XP level 2. HP: 22/24 MP: 2/2
   758 | D:1      | Gained mutation: You are resistant to hostile enchantments. [potion of beneficial mutation]
  1041 | D:2      | Reached XP level 3. HP: 10/29 MP: 3/3
  1847 | D:2      | Reached skill level 1 in Throwing
  1857 | D:2      | Gained mutation: You have large cloven feet. [demonic ancestry]
  1857 | D:2      | Reached XP level 4. HP: 10/35 MP: 4/4
  2596 | D:3      | Noticed Jessica
  2606 | D:3      | Killed Jessica
  2811 | D:3      | Noticed gw's ghost (average MiBe)
  3097 | D:3      | Gained mutation: You are slightly more attuned to the shadows. [demonic ancestry]
  3097 | D:3      | Reached XP level 5. HP: 33/41 MP: 5/5
  3633 | D:3      | Noticed Ijyb
  3652 | D:3      | Killed Ijyb
  3693 | D:3      | Found a blossoming altar of Fedhas.
  3993 | D:3      | Killed gw's ghost
  3993 | D:3      | Reached XP level 6. HP: 30/48 MP: 6/6
  4539 | D:4      | Found a sand-covered staircase.
  4587 | Ossuary  | Entered an ossuary
  4814 | Ossuary  | Slain by a mummy

Action                   |  1- 3 |  4- 6 || total
-------------------------+-------+-------++-------
Melee: Flail             |   130 |   193 ||   323
Throw: Stone             |   118 |   112 ||   230
  Use: Potion            |     2 |     6 ||     8
       Scroll            |     1 |     6 ||     7
  Eat: Chunk             |     3 |     8 ||    11

Vault maps used:
D:1:      lemuel_arrival_tunnels
D:2:      minmay_misc_feat_diagonals, dk_noncrumbling_3, minmay_box_of_dots
D:3:      lemuel_round_altar, first_bread, uniq_jessica, uniq_iyjb
D:4:      enter_ossuary_1, kennysheep_potato, uniq_edmund, uniq_menkaure,
          uniq_duvessa
Ossuary:  ossuary_crypta
